 Dungeon Crawl Stone Soup version 0.18.1-48-g4cf74bf (webtiles) character file.

131 KingGeedorah the Changer (level 4, 0/35 HPs)
             Began as a Draconian Transmuter on July 22, 2016.
             Slain by Grinder (5 damage)
             ... while paralysed by Grinder
             ... on level 3 of the Dungeon.
             The game lasted 00:03:10 (2281 turns).

KingGeedorah the Changer (Draconian Transmuter)     Turns: 2281, Time: 00:03:12

Health: 0/35       AC:  5    Str: 12    XL:     4   Next: 91%
Magic:  0/7        EV:  2    Int: 13    God:
Gold:   107        SH:  0    Dex: 13    Spells: 3 memorised, 1 level left

rFire  . . .     SeeInvis +       - Unarmed
rCold  . . .     Gourm    .     (armour unavailable)
rNeg   . . .     Faith    .     (no shield)
rPois  .         Spirit   .     (helmet restricted)
rElec  .         Dismiss  .     (no cloak)
rCorr  .         Reflect  .     (no gloves)
SustAt .         Harm     .     (no boots)
MR     .....                    (no amulet)
Stlth  +.........               (no ring)
                                h - ring of see invisible

@: paralysed, not resistant to hostile enchantments, very unstealthy
A: unfitting armour, cold-blooded, AC +5
a: no special abilities


You were on level 3 of the Dungeon.
You were not hungry.

You visited 1 branch of the dungeon, and saw 3 of its levels.

You collected 107 gold pieces.

Inventory:

Missiles
 a - 44 arrows
Jewellery
 h - a ring of see invisible (left hand)
Scrolls
 i - a scroll of recharging
 j - 2 scrolls of teleportation
 k - 2 scrolls of identify
Potions
 f - a potion of flight {unknown}
 l - 2 potions of degeneration {unknown}
Books
 b - a book of Changes

   Spells                             Type                      Level
   a - Beastly Appendage              Transmutation                1
   b - Sticks to Snakes               Transmutation                2
   c - Spider Form                    Transmutation/Poison         3
   d - Ice Form                       Ice/Transmutation            4
   e - Blade Hands                    Transmutation                5
Comestibles
 c - 2 bread rations
 d - 4 chunks of flesh
 g - a meat ration


   Skills:
 - Level 1.1 Fighting
 - Level 1.7 Dodging
 - Level 3.0 Unarmed Combat
 - Level 2.0 Spellcasting
 + Level 5.2 Transmutations


You had one spell level left.
You knew the following spells:

 Your Spells              Type           Power        Failure   Level  Hunger
a - Beastly Appendage     Trmt           ##....       3%          1    ##.....
b - Sticks to Snakes      Trmt           ##......     6%          2    ###....
c - Spider Form           Trmt/Pois      #.........   28%         3    ####...


Dungeon Overview and Level Annotations

Branches:
Dungeon (3/15)

Altars:
Okawaru

Annotations:
D:3 Grinder


Innate Abilities, Weirdness & Mutations

Your plain brown scales are hard (AC +5).
Your body does not fit into most forms of armour.
You are cold-blooded and may be slowed by cold attacks.


Message History

Your adder barely misses Grinder.
The ooze hits you.
Your adder bites Grinder.
Grinder hits you!
You writhe in agony. x2
Your ball python completely misses Grinder.
Your ball python closely misses Grinder.
Your adder bites Grinder but does no damage.
The ooze hits you. Grinder gestures at you. Pain shoots through your body!
* * * LOW HITPOINT WARNING * * *
Your ball python barely misses Grinder. x2; Your adder bites Grinder.
The ooze hits you but does no damage.
Your ball python misses Grinder.
Your ball python barely misses Grinder.
Grinder gestures at you.
You barely resist.
Your adder barely misses Grinder.
The goblin hits your adder with a club.
Your ball python bites Grinder but does no damage.
Your ball python barely misses Grinder.
The ooze hits you.
* * * LOW HITPOINT WARNING * * *
Your adder bites Grinder.
Grinder hits you.
You die...

## ### #######...... ..#
#.. .............
.#..####.# #########....
.......... .............
..#.#.#..# ######......
...!.....####...........
..#.#.#.......###.......
......J......####.......
..#.#S#@.......##.......
....g.5S.....#.##.......
.....#######....#.#.....
.###......##....#.#.....
..#.#.#.)...#.###.##
............#.# #.#
..#.#...#####.# #.#
.......<# ....# #.#
##.##...# #######.##


You could see Grinder, an ooze, a goblin, a friendly adder and a friendly ball
python.

Vanquished Creatures
  Terence (D:2)
  2 adders (D:2)
  2 oozes
  A worm (D:3)
  A dart slug (D:1)
  2 giant geckos
  8 orcs (D:3)
  3 giant cockroaches
  9 goblins
  7 hobgoblins
  4 jackals (D:2)
  A kobold (D:3)
  2 ball pythons
  9 bats
  2 giant newts
  6 rats
60 creatures vanquished.

Notes
Turn   | Place    | Note
--------------------------------------------------------------
     0 | D:1      | KingGeedorah the Draconian Transmuter began the quest for the Orb.
     0 | D:1      | Reached XP level 1. HP: 16/16 MP: 3/3
   128 | D:1      | Reached XP level 2. HP: 16/23 MP: 5/5
   141 | D:1      | Learned a level 2 spell: Sticks to Snakes
   185 | D:1      | Reached skill level 3 in Transmutations
   480 | D:2      | Found an iron altar of Okawaru.
   524 | D:2      | Reached XP level 3. HP: 19/28 MP: 4/6
   873 | D:2      | Learned a level 3 spell: Spider Form
  1009 | D:2      | Reached skill level 4 in Transmutations
  1472 | D:2      | Reached XP level 4. HP: 35/35 MP: 7/7
  1654 | D:2      | Noticed Terence
  1663 | D:2      | Killed Terence
  2129 | D:3      | Reached skill level 5 in Transmutations
  2272 | D:3      | Noticed Grinder
  2277 | D:3      | Paralysed by Grinder for 6 turns
  2281 | D:3      | Slain by Grinder

Skill      XL: |  1  2  3  4 |
---------------+-------------+-----
Transmutations | 3 4 5 |  5.2
Fighting       | |  1.1
Dodging        | |  1.7
Unarmed Combat | |  3.0
Spellcasting   | |  2.0

Action                   |  1- 3 |  4- 6 || total
-------------------------+-------+-------++-------
Melee: Unarmed           |   155 |    59 ||   214
       Tailslap          |    11 |     3 ||    14
       Punch             |     1 |     1 ||     2
       Headbutt          |     1 |       ||     1
 Cast: Beastly Appendage |     1 |       ||     1
       Spider Form       |     2 |     5 ||     7
       Sticks to Snakes  |       |     3 ||     3
  Use: Scroll            |       |     5 ||     5
 Stab: Sleeping          |     1 |       ||     1
       Distracted        |       |     1 ||     1
  Eat: Chunk             |     2 |     4 ||     6
Armor: Skin              |    64 |    10 ||    74
Dodge: Dodged            |   118 |    53 ||   171
